 Dungeon Crawl Stone Soup version 0.28-a0-1518-gbe868bca14 (webtiles) character file.

Game seed: 3317218905387024558

308921 a3don the Spry (level 22, -27/178 (182) HPs)
             Began as a Djinni Ice Elementalist on Jan 16, 2022.
             Was a High Priest of Ashenzari.
             Killed from afar by a tengu reaver (58 damage)
             ... with a bolt of acid
             ... on level 5 of the Vaults on Jan 17, 2022.
             The game lasted 07:22:20 (54564 turns).

a3don the Spry (Djinni Ice Elementalist)           Turns: 54564, Time: 07:22:21

HP:   -27/178 (182) AC: 11    Str:  7    XL:     22   Next: 15%
Gold: 747           EV: 18    Int: 32    God:    Ashenzari [*****.] SH:  0 Dex: 15

rFire   + + +      SeeInvis +   b - +10 arbalest of the Shattered Anxiety {penet, Drain rElec rN+, Range, Self} (curse)
rCold   + . .      Faith    .   (shield currently unavailable)
rNeg    + . .      Spirit   .   I - +2 robe of Panopticon {rF+, Range, Self} (curse)
rPois   ∞          Reflect  .   h - +0 helmet "Share My Yoke" {Self, Cun} (curse)
rElec   +          Harm     .   L - +1 cloak of the Unyielding Gaze {Fort, Range} (curse)
rCorr   .          Rampage  .   D - +0 pair of gloves "Eternal Prison" {Self, Fort} (curse)
Will    ++...      Clarity  +   (boots unavailable)
Stlth   ++........              F - amulet "Keylozxi" {Regen+ Int+3}
HPRegen 1.19/turn               m - ring "Enigmatic Rationality" {Ice, Self, Range} (curse)
MPRegen 0.00/turn               J - ring "Dushin" {Wiz rF+ rC+ Int+2}

@: confused, ambrosia-drunk, vertiginous, flying, very slightly contaminated,
hasted, lightly drained, very quick
A: sickness immunity, fire resistance 2, cold vulnerability 1, float, innate
caster, hp casting, extra vitality 1
}: 2/15 runes: serpentine, barnacled
a: Renounce Religion, Curse Item, Shatter the Chains


You were on level 5 of the Vaults.
You worshipped Ashenzari.
Ashenzari was extremely pleased with you.
You visited 7 branches of the dungeon, and saw 37 of its levels.
You visited 1 bazaar.
You also visited: Bailey, Gauntlet and Ice Cave.

You collected 4273 gold pieces.
You spent 3526 gold pieces at shops.

Inventory:

Hand Weapons
 b - the cursed +10 arbalest of the Shattered Anxiety (weapon) {penet, Drain rElec rN+, Range, Self}
   (You bought it in a shop in a bazaar)

   Any ammunition fired by it passes through the targets it hits, potentially
   hitting all targets in its path until it reaches maximum range.
   rElec:     It insulates you from electricity.
   rN:        It protects you from negative energy.
   Drain:     It drains your maximum health when unequipped.
   It has a curse which improves the following skills: Ranged Combat: Slings,
   Bows, Crossbows and Throwing.
   Introspection: Fighting and Spellcasting.
 q - the +6 long sword of the Spider Nest {freeze, Drain rElec MP+9 Int+8 Stlth-}
   (You bought it in a shop on level 13 of the Dungeon)

   It freezes those it strikes, dealing additional cold damage.
   It can also slow down cold-blooded creatures.
   Int:       It affects your intelligence (+8).
   rElec:     It insulates you from electricity.
   MP:        It affects your magic capacity (+9).
   Drain:     It drains your maximum health when unequipped.
   Stlth:     It makes you less stealthy.
 Q - a +3 long sword of holy wrath
Missiles
 e - 925 bolts (quivered ammo)
 g - 4 boomerangs of dispersal
Armour
 h - the cursed +0 helmet "Share My Yoke" (worn) {Self, Cun}
   (You found it on level 2 of the Dungeon)

   It has a curse which improves the following skills: Introspection: Fighting
   and Spellcasting.
   Cunning:   Dodging and Stealth.
 y - a scarf of invisibility
 D - the cursed +0 pair of gloves "Eternal Prison" (worn) {Self, Fort}
   (You found it on level 5 of the Dungeon)

   It has a curse which improves the following skills: Introspection: Fighting
   and Spellcasting.
   Fortitude: Armour and Shields.
 I - the cursed +2 robe of Panopticon (worn) {rF+, Range, Self}
   (You took it off Dowan on level 7 of the Dungeon)

   It has a curse which improves the following skills: Ranged Combat: Slings,
   Bows, Crossbows and Throwing.
   Introspection: Fighting and Spellcasting.
 L - the cursed +1 cloak of the Unyielding Gaze (worn) {Fort, Range}
   (You took it off Maurice on level 8 of the Dungeon)

   It has a curse which improves the following skills: Fortitude: Armour and
   Shields.
   Ranged Combat: Slings, Bows, Crossbows and Throwing.
Jewellery
 a - the ring of Ufimaodo {rPois rF+ rC+ AC+4}
   (You bought it in a shop on level 1 of the Snake Pit)

   [ring of protection]

   AC:        It affects your AC (+4).
   rF:        It protects you from fire.
   rC:        It protects you from cold.
   rPois:     It protects you from poison.
 m - the cursed ring "Enigmatic Rationality" (left hand) {Ice, Self, Range}
   (You found it on level 2 of the Dungeon)

   [ring of ice]

   It enhances your ice magic.
   rF:        It makes you vulnerable to fire.
   rC:        It protects you from cold.
   It has a curse which improves the following skills: Introspection: Fighting
   and Spellcasting.
   Ranged Combat: Slings, Bows, Crossbows and Throwing.
 r - the amulet "Plog" {Spirit rC+ Str+4 Int+3 Stlth-}
   (You found it on level 6 of the Lair of Beasts)

   [amulet of guardian spirit]

   It causes incoming damage to be divided between your reserves of health and
   magic.
   Str:       It affects your strength (+4).
   Int:       It affects your intelligence (+3).
   rC:        It protects you from cold.
   Stlth:     It makes you less stealthy.
 s - a ring of willpower
 t - an amulet of reflection
 w - a ring of resist corrosion
 E - a ring of positive energy
 F - the amulet "Keylozxi" (around neck) {Regen+ Int+3}
   (You acquired it in a bailey)

   [amulet of regeneration]

   Int:       It affects your intelligence (+3).
   Regen:     It increases your rate of health regeneration.
 J - the ring "Dushin" (right hand) {Wiz rF+ rC+ Int+2}
   (You bought it in a shop on level 1 of the Vaults)

   [ring of wizardry]

   It improves your spell success rate.
   Int:       It affects your intelligence (+2).
   rF:        It protects you from fire.
   rC:        It protects you from cold.
 N - a ring of willpower
 P - a ring of fire
 V - a ring of ice
Wands
 v - a wand of polymorph (20)
 z - a wand of mindburst (28)
 A - a wand of flame (3)
 O - a wand of paralysis (13)
 R - a wand of charming (11)
 Z - a wand of iceblast (32)
Scrolls
 c - a scroll of enchant armour
 d - 2 scrolls of holy word
 f - 15 scrolls of teleportation
 j - 4 scrolls of vulnerability
 l - 2 scrolls of magic mapping
 u - a scroll of blinking
 B - 5 scrolls of fear
 M - 2 scrolls of summoning
 T - a scroll of enchant weapon
 U - 7 scrolls of fog
 X - 3 scrolls of silence
Potions
 k - 4 potions of berserk rage
 o - 12 potions of curing
 p - 3 potions of cancellation
 x - 2 potions of might
 G - 3 potions of resistance
 K - 2 potions of lignification
 S - a potion of haste
 W - 2 potions of brilliance
Miscellaneous
 i - a piece from Xom's chessboard (15/15)
 n - a box of beasts (inert)
 H - a lightning rod (4/4)


   Skills:
 + Level 16.4(22.7) Fighting
 - Level 5.3 Long Blades
 - Level 5.3(10.4) Bows
 + Level 11.0(16.5) Crossbows
 + Level 10.1(13.6) Armour
 + Level 17.9(20.0) Dodging
 + Level 7.3(9.7) Stealth
 - Level 6.6(10.1) Shields
 * Level 16.3(22.6) Spellcasting
 + Level 9.9 Evocations


You had 10 spell levels left.
You knew the following spells:

 Your Spells              Type           Power      Damage    Failure   Level
a - Freeze                Ice            100%       1d11      1%          1
b - Frozen Ramparts       Ice            100%       1d12      1%          3
c - Scorch                Fire           100%       2d10      1%          2
d - Hailstorm             Conj/Ice       100%       3d20      1%          4
e - Pain                  Necr           100%       1d9       1%          1
f - Ozocubu's Armour      Ice            100%       N/A       1%          3
g - Static Discharge      Conj/Air       100%       N/A       1%          2
h - Summon Lightning Spi  Summ/Air       100%       N/A       1%          4
i - Alistair's Intoxicat  Tmut/Pois      73%        N/A       1%          5
j - Irradiate             Conj/Tmut      55%        3d32      1%          5
k - Simulacrum            Ice/Necr       67%        N/A       1%          6
l - Dispersal             Tloc           55%        N/A       1%          6
m - Eringya's Noxious Bo  Tmut/Pois      55%        N/A       1%          6
n - Maxwell's Capacitive  Air            55%        ∞         1%          8
Your spell library was empty.

Dungeon Overview and Level Annotations

Branches:
Dungeon (15/15)            Temple (1/1) D:4            Lair (6/6) D:8
 Shoals (4/4) Lair:4        Snake (4/4) Lair:4        Slime (0/5) Lair:5
    Orc (2/2) D:12            Elf (0/3) Orc:2        Vaults (5/5) D:14
  Crypt (0/3) Vaults:3     Depths (0/4) D:15         Bailey (visited)
  IceCv (visited)         Gauntlet (visited)

Altars:
Ashenzari
Cheibriados
Dithmenos
Elyvilon
Fedhas
Gozag
Hepliaklqana
Kikubaaqudgha
Makhleb
Nemelex Xobeh
Okawaru
Qazlal
Ru
Sif Muna
Trog
Uskayaw
Vehumet
Wu Jian
Xom
Yredelemnul
Zin
The Shining One
Jiyva

Shops:
D:1 ?   D:6 !   D:9 :*   D:11 *   D:13 (   Orc:1 =   Orc:2 [*=!   Shoals:2 :
Snake:1 =:=(   Snake:2 =:   Vaults:1 ??*==   Vaults:3 =   Vaults:4 [

Portals:
Pandemonium: Orc:2

Annotations:
D:6 3 runed translucent doors, frimble's ghost, novice DsWr
D:15 1 runed translucent door, Werasm's ghost, novice FoAK
Shoals:3 Mara; Roxanne
Shoals:4 Mlioglotl
Vaults:4 exclusion: orange crystal statue


Innate Abilities, Weirdness & Mutations

You are immune to sickness and miasma.
You are immune to poison.
Your flesh is very heat resistant. (rF++)
You are vulnerable to cold. (rC-)
You float through the air rather than walking.
You learn spells naturally, not from books.
Your magical power is your life essence.
You have superior vitality. (+4 MHP)


Message History

* * * LOW HITPOINT WARNING * * *
The phantasmal warrior hits you.
* * * LOW HITPOINT WARNING * * *
Casting: Dispersal (mildly dangerous; 1% risk of failure)
Confirm with . or Enter, or press ? or * to list all spells.
Casting: Alistair's Intoxication (safe; 1% risk of failure)
Press: ? - help, Dir - look around, f - activate You attempt to intoxicate your foes!
The tengu reaver looks rather confused.
The world spins around you!
* * * LOW HITPOINT WARNING * * *
Your noxious spew wanes.
The phantasmal warrior barely misses your lightning spire.
You see here a +0 scale mail.
An ironbound convoker comes into view.
It is wielding a +3 dire flail of protection.
Your lightning spire shoots out a bolt of lightning at the phantasmal warrior!
The bolt of electricity hits the phantasmal warrior!!
You see here a +0 ring mail.
A tentacled monstrosity comes into view.
You see here 45 gold pieces.
The tengu reaver seems less confused.
You see here a +0 ring mail.
Casting: Alistair's Intoxication (safe; 1% risk of failure)
Confirm with . or Enter, or press ? or * to list all spells.
Flames lash the phantasmal warrior but do no damage.
* * * LOW HITPOINT WARNING * * *
The ironbound convoker shouts!
Your lightning spire shoots out a bolt of lightning at the phantasmal warrior!
The bolt of electricity hits the phantasmal warrior!
The tengu reaver gestures at you while chanting.
The bolt of lightning hits your lightning spire.
Your lightning spire completely resists.
The bolt of lightning hits you! You resist.
* * * LOW HITPOINT WARNING * * *
You are confused.
You feel invigorated.
The phantasmal warrior seems less confused.
The tengu reaver points at you and mumbles some strange words.
The bolt of acid hits your lightning spire!!!
The acid corrodes your lightning spire! The bolt of acid hits you!!!
You die...

##.....##§{§...###,
#.......####D..###.
..........##...##{.*
,..........∆##Q.##..
#########....#..##..*
,,{,∆ * #..##8.#..* ,
, ∆∆,*#..#..#.. ,,
{,∆ ,#..#W[#.. ,,,,,,
,, *,.#.@#..* *, , ,
* ##.$#..* * , {,
,#..##.. , , ,,,, ,
#..##.. ,, , , ,
#...##..* ,, , ,*
*#...#* , * ** ..Xp.
*,,* ,...... *,, , ,
,...##., ,,*


You could see a shadow dragon, a tentacled monstrosity, a tengu reaver (ally
target), a phantasmal warrior, an ironbound convoker and a friendly lightning
spire (summoned, corroded).

Vanquished Creatures
  A dread lich (Vaults:5)
  Bai Suzhen (Vaults:4)
  Jorgrun (Shoals:1)
  A kraken (Shoals:2)
  Polyphemus (Shoals:2)
  2 sphinxes
  Frances (Shoals:1)
  A shadow dragon (Vaults:1)
  Donald (Orc:2)
  3 nagarajas (Snake:4)
  Aizul (Snake:2)
  4 orc warlords
  5 vault wardens
  A frost giant (Vaults:2)
  Louise (Shoals:1)
  8 ironbound preservers
  6 very ugly things
  5 ironbound thunderhulks
  2 entropy weavers
  5 dire elephants
  A fire dragon (D:15)
  3 great orbs of eyes
  6 merfolk impalers
  2 crystal guardians (Vaults:3)
  5 hydras
  6 yaktaur captains
  9 naga warriors
  A peacekeeper (Vaults:3)
  13 vault guards
  4 catoblepae
  2 boulder beetles
  A caustic shrike simulacrum (IceCv)
  2 salamander tyrants (Snake:4)
  2 centaur warriors
  8 anacondas
  An ironbound frostheart (Vaults:2)
  A merfolk avatar (Shoals:1)
  An alligator snapping turtle (Shoals:4)
  A two-headed ogre (D:11)
  A merfolk aquamancer (Shoals:2)
  A demonspawn (Orc:2)
  5 death yaks
  6 naga sharpshooters
  A tengu warrior (D:15)
  A sun demon (Orc:2)
  3 orc high priests (Orc:2)
  5 shock serpents
  3 salamander mystics
  A glowing orange brain (Vaults:4)
  A flayed ghost (Vaults:1)
  24 deep trolls
  9 sea snakes
  8 ironbound convokers
  2 obsidian statues (IceCv)
  9 naga ritualists
  Pikel (D:7)
  A bog body (Shoals:1)
  2 phantasmal warriors
  8 wizards
  10 orc knights
  A necromancer (Vaults:1)
  A deep elf zephyrmancer (D:15)
  6 harpies
  6 lindwurms
  13 mana vipers
  3 orc sorcerers
  2 manticores
  22 ugly things
  9 slime creatures
  3 cyclopes
  2 elephants (Lair:6)
  13 salamanders
  A merfolk siren (Shoals:2)
  6 guardian serpents
  10 vault sentinels
  A centaur zombie (D:10)
  Maurice (D:8)
  Joseph (D:8)
  A water nymph (Shoals:1)
  A torpor snail (Lair:4)
  15 naga magi
  A gargoyle (D:13)
  32 black mambas
  A centaur skeleton (D:15)
  3 cane toads
  Maggie (D:7)
  2 orange demons (Orc:2)
  An anaconda simulacrum (IceCv)
  7 komodo dragons
  An unseen horror (D:11)
  4 freezing wraiths
  2 rime drakes
  9 yaktaurs
  A tengu conjurer (D:15)
  A golden dragon simulacrum (IceCv)
  2 meliai (D:15)
  2 merfolk (Shoals:2)
  5 trolls
  2 polar bears (Lair:6)
  10 blink frogs
  A dream sheep (Shoals:1)
  A vampire (D:8)
  8 water elementals
  A ynoxinul (Orc:2)
  A shadow (D:12)
  33 yaks
  A basilisk (shapeshifter) (D:15)
  A basilisk (D:14)
  2 wyverns (Lair:3)
  A steam dragon (D:7)
  A warg (Orc:1)
  12 vampire mosquitoes
  24 nagas
  7 water moccasins
  A hydra simulacrum (IceCv)
  Duvessa (D:7)
  26 orc warriors
  A sky beast (D:5)
  2 black bears (D:5)
  4 ogres
  A boggart (Vaults:1)
  18 centaurs
  17 wolves
  4 lemures (D:7)
  A phantom (D:7)
  3 kobold brigands
  5 bullfrogs
  5 scorpions
  2 wyvern skeletons
  2 water moccasin skeletons
  Dowan (D:7)
  3 killer bees (D:11)
  7 wights
  A howler monkey (D:7)
  3 electric eels (D:8)
  2 jellies
  9 orc priests
  8 hounds
  A gnoll shaman (D:5)
  8 iguanas
  8 orc wizards
  2 hound skeletons
  11 gnolls
  2 howler monkey skeletons
  9 adders
  2 worms
  2 dart slugs
  52 orcs
  4 endoplasms
  5 giant cockroaches
  7 goblins
  7 hobgoblins
  20 kobolds
  4 quokkas
  4 ball pythons
  3 bats
  4 frilled lizards
  6 rats
  2 tentacles (Shoals:2)
811 creatures vanquished.

Vanquished Creatures (collateral kills)
  2 nagarajas (Snake:4)
  A frost giant (Shoals:4)
  A vault warden (Vaults:1)
  4 ironbound thunderhulks
  10 ironbound preservers
  An entropy weaver (Vaults:4)
  4 dire elephants
  An ettin (Orc:2)
  A deep elf high priest (Vaults:1)
  A great orb of eyes (Vaults:1)
  A vault guard (Vaults:1)
  4 yaktaur captains
  A hydra (D:14)
  2 demonspawn (Orc:2)
  7 naga warriors
  A boulder beetle (D:13)
  2 ironbound frosthearts
  2 centaur warriors (D:14)
  6 anacondas
  A catoblepas (Shoals:2)
  3 merfolk avatars
  4 death yaks
  A merfolk aquamancer (Shoals:3)
  2 two-headed ogres
  2 satyrs
  2 orc high priests (Orc:2)
  2 naga sharpshooters
  Nergalle (D:10)
  3 sea snakes (Shoals:1)
  2 salamander mystics
  19 deep trolls
  3 bog bodies (Shoals:1)
  3 ironbound convokers
  A wolf spider zombie (D:15)
  6 naga ritualists
  8 harpies
  5 lindwurms
  A phantasmal warrior (D:14)
  3 wizards
  A necromancer (D:15)
  3 orc knights
  8 mana vipers
  3 deep elf pyromancers
  5 orc sorcerers
  8 fauns
  2 cyclopes
  12 salamanders
  14 ugly things
  8 manticores
  2 guardian serpents
  8 naga magi
  17 black mambas
  An eye of devastation (shapeshifter) (D:13)
  4 elephants (Lair:6)
  A centaur zombie (D:15)
  2 merfolk sirens
  A smoke demon (Orc:2)
  5 vault sentinels
  3 komodo dragons
  A rime drake (Lair:2)
  6 freezing wraiths
  5 yaktaurs
  A hellwing (Orc:2)
  An anaconda simulacrum (IceCv)
  A meliai (D:15)
  5 merfolk
  3 trolls (Orc:2)
  A golden dragon simulacrum (IceCv)
  2 hornets
  6 slime creatures
  A wind drake (Shoals:3)
  5 blink frogs
  3 dream sheep (Shoals:1)
  A centaur simulacrum (D:15)
  A jumping spider (Vaults:2)
  2 water elementals (Shoals:2)
  22 yaks
  A basilisk (Lair:1)
  2 wraiths
  2 redbacks (Vaults:1)
  3 vampire mosquitoes
  2 acid dragons
  A minotaur simulacrum (IceCv)
  26 nagas
  2 water moccasins
  A floating eye (shapeshifter) (Vaults:3)
  An alligator simulacrum (IceCv)
  12 orc warriors
  A black bear (Lair:3)
  3 ogres
  8 centaurs
  2 boggarts (Vaults:1)
  A deep troll simulacrum (IceCv)
  A killer bee (D:11)
  A wight (D:8)
  3 howler monkeys (D:13)
  10 orc priests (Orc:2)
  An orc wizard (D:11)
  A howler monkey zombie (D:11)
  24 orcs
  A kobold (D:7)
  3 tentacles (Shoals:2)
412 creatures vanquished.

Vanquished Creatures (others)
  2 vault wardens (Vaults:2)
  A very ugly thing (Vaults:3)
  3 ironbound preservers
  2 ironbound thunderhulks
  2 dire elephants
  An ettin (Vaults:3)
  A deep elf high priest (Vaults:5)
  4 merfolk impalers (Shoals:4)
  A yaktaur captain (Vaults:1)
  2 boulder beetles (D:13)
  10 vault guards (Vaults:5)
  A merfolk avatar (Shoals:4)
  2 centaur warriors (Vaults:1)
  A death knight (D:14)
  A merfolk aquamancer (Shoals:4)
  5 deep trolls
  A wizard (Vaults:4)
  3 ironbound convokers
  9 ugly things
  A naga mage (Snake:4)
  A vault sentinel (Vaults:2)
  A water nymph (Shoals:3)
  A merfolk siren (Shoals:4)
  A yaktaur (Vaults:2)
  A merfolk (Shoals:4)
  A tarantella (Vaults:5)
  A slime creature (Vaults:2)
  A snapping turtle (Shoals:4)
  3 redbacks (Vaults:5)
  16 fungi
  76 plants
  22 tentacles (Shoals:2)
178 creatures vanquished.

Grand Total: 1401 creatures vanquished

Notes
Turn   | Place    | Note
-------+----------+-------------------------------------------
     0 | D:1      | a3don the Djinni Ice Elementalist began the quest for the
                  | Orb.
     0 | D:1      | Reached XP level 1. HP: 15/15 MP: 0/0
   445 | D:1      | Reached XP level 2. HP: 22/22 MP: 0/0
   517 | D:1      | Found Rurph's Magic Scroll Shop.
  1111 | D:2      | Reached XP level 3. HP: 21/26 MP: 0/0
  1111 | D:2      | Learned a level 1 spell: Pain
  1114 | D:2      | Reached skill level 1 in Fighting
  1530 | D:2      | Found a faded altar of an unknown god.
  2127 | D:2      | Reached skill level 3 in Dodging
  2127 | D:2      | Reached XP level 4. HP: 29/32 MP: 0/0
  2662 | D:3      | Reached XP level 5. HP: 26/38 MP: 0/0
  2662 | D:3      | Learned a level 2 spell: Scorch
  4010 | D:4      | Found a staircase to the Ecumenical Temple.
  4091 | D:4      | Reached XP level 6. HP: 22/45 MP: 0/0
  4092 | D:4      | Reached skill level 4 in Dodging
  5639 | D:5      | Entered Level 5 of the Dungeon
  5648 | D:5      | Noticed a black bear
  5657 | D:5      | Reached XP level 7. HP: 44/50 MP: 0/0
  5657 | D:5      | Learned a level 2 spell: Static Discharge
  5714 | D:5      | Reached skill level 5 in Dodging
  6011 | D:5      | Reached XP level 8. HP: 39/58 MP: 0/0
  6162 | D:5      | Reached skill level 5 in Spellcasting
  6353 | D:5      | Reached skill level 6 in Dodging
  6395 | D:5      | Reached skill level 5 in Fighting
  6774 | D:5      | Noticed a troll
  6781 | D:5      | Killed a troll
  7059 | D:5      | Reached XP level 9. HP: 61/66 MP: 0/0
  7059 | D:5      | Learned a level 4 spell: Summon Lightning Spire
  7102 | D:5      | Reached skill level 7 in Dodging
  7491 | D:6      | Found a runed translucent gate.
  7492 | D:6      | Found a runed translucent gate.
  7492 | D:6      | Found a runed translucent gate.
  7502 | D:6      | Noticed frimble's ghost (novice DsWr)
  7677 | D:6      | Found Bibe's Distillery.
  7683 | D:6      | Bought a potion of curing for 33 gold pieces
  8477 | D:7      | Noticed Pikel
  8495 | D:7      | Killed Pikel
  8496 | D:7      | Reached skill level 8 in Dodging
  8753 | D:7      | Noticed Dowan
  8762 | D:7      | Killed Dowan
  8764 | D:7      | Noticed Duvessa
  8764 | D:7      | Noticed Maggie
  8770 | D:7      | Killed Duvessa
  9035 | D:7      | Killed Maggie
  9036 | D:7      | Reached XP level 10. HP: 65/75 MP: 0/0
  9789 | Temple   | Entered the Ecumenical Temple
 10165 | Temple   | Became a worshipper of Ashenzari the Shackled
 10503 | D:8      | Noticed Maurice
 10509 | D:8      | Killed Maurice
 10510 | D:8      | Reached skill level 9 in Dodging
 11502 | D:8      | Found a staircase to the Lair.
 12249 | D:8      | Found a white marble altar of Elyvilon.
 12446 | D:8      | Noticed Joseph
 12462 | D:8      | Killed Joseph
 12784 | Lair:1   | Entered Level 1 of the Lair of Beasts
 12815 | Lair:1   | Reached skill level 10 in Dodging
 12816 | Lair:1   | Reached XP level 11. HP: 14/84 MP: 0/0
 12816 | Lair:1   | Learned a level 5 spell: Alistair's Intoxication
 13384 | Lair:1   | Reached * piety under Ashenzari
 14031 | Lair:1   | Reached skill level 11 in Dodging
 14196 | Lair:1   | Reached ** piety under Ashenzari
 14352 | Lair:1   | Noticed a five-headed hydra
 14362 | Lair:1   | Killed a five-headed hydra
 14363 | Lair:1   | Reached skill level 10 in Fighting
 15259 | Lair:2   | Reached XP level 12. HP: 65/96 MP: 0/0
 15456 | Lair:2   | Reached skill level 12 in Dodging
 15480 | Lair:2   | Noticed a catoblepas
 15608 | Lair:2   | Killed a catoblepas
 16152 | Lair:3   | Reached *** piety under Ashenzari
 16542 | Lair:3   | Reached skill level 1 in Long Blades
 16751 | Lair:3   | Reached skill level 1 in Crossbows
 16820 | Lair:3   | Noticed a six-headed hydra
 16835 | Lair:3   | Killed a six-headed hydra
 17402 | Lair:4   | Found a staircase to the Shoals.
 17484 | Lair:4   | Found a staircase to the Snake Pit.
 17968 | Lair:4   | Reached XP level 13. HP: 98/106 MP: 0/0
 17968 | Lair:4   | Learned a level 5 spell: Irradiate
 18006 | Lair:4   | Reached skill level 1 in Bows
 18029 | Lair:4   | Noticed a four-headed hydra
 18036 | Lair:4   | Killed a four-headed hydra
 18037 | Lair:4   | Reached skill level 10 in Spellcasting
 18943 | Lair:5   | Found a viscous altar of Jiyva.
 18947 | Lair:5   | Found a staircase to the Slime Pits.
 19527 | Lair:6   | Entered Level 6 of the Lair of Beasts
 19527 | Lair:6   | Identified the amulet "Plog" {Spirit rC+ Str+4 Int+3
                  | Stlth-}
 19603 | Lair:6   | Reached skill level 13 in Dodging
 20961 | Lair:6   | Noticed a catoblepas
 20975 | Lair:6   | Killed a catoblepas
 21621 | Lair:6   | Reached XP level 14. HP: 115/116 MP: 0/0
 22583 | D:9      | Reached skill level 5 in Long Blades
 22704 | D:9      | Found Gugrof's Assorted Antiques.
 22739 | D:9      | Found Jaomm's Book Boutique.
 22756 | D:9      | Identified Kikubaaqudgha's Almanac of Evil Arts
 22859 | D:9      | Found a stormy altar of Qazlal.
 22928 | D:9      | Found a sacrificial altar of Ru.
 22929 | D:9      | Found a glowing golden altar of the Shining One.
 22929 | D:9      | Found a shimmering altar of Xom.
 22933 | D:9      | Found a snail-covered altar of Cheibriados.
 22934 | D:9      | Found a basalt altar of Yredelemnul.
 23146 | D:10     | Entered Level 10 of the Dungeon
 23159 | D:10     | Noticed Nergalle
 23169 | D:10     | Killed Nergalle
 23408 | D:10     | Found a flagged portal.
 23417 | Bailey   | Entered a bailey
 24104 | Bailey   | Identified a scroll of acquirement
 24299 | Bailey   | Acquired the amulet "Keylozxi" {Regen+ Int+3}
 25503 | D:11     | Found Funetsiq's Changing Room.
 25803 | D:11     | Reached skill level 14 in Dodging
 26375 | D:12     | Found a staircase to the Orcish Mines.
 26875 | Orc:1    | Entered Level 1 of the Orcish Mines
 26875 | Orc:1    | Found Ygin's Jewellery Boutique.
 27251 | Orc:2    | Entered Level 2 of the Orcish Mines
 27296 | Orc:2    | Noticed Donald
 27303 | Orc:2    | Killed Donald
 27304 | Orc:2    | Reached skill level 5 in Bows
 27508 | Orc:2    | Reached XP level 15. HP: 78/123 MP: 0/0
 27508 | Orc:2    | Learned a level 6 spell: Simulacrum
 27598 | Orc:2    | Found a flickering gateway to a bazaar.
 27607 | Bazaar   | Entered a bazaar
 27644 | Bazaar   | Found Lopoonn's Antique Armour Boutique.
 27689 | Bazaar   | Found Upeifed's Antique Weapon Shoppe.
 27700 | Bazaar   | Found Ifoskuh's Antique Weapon Shoppe.
 27709 | Bazaar   | Bought an ichor-stained arbalest for 285 gold pieces
 27709 | Bazaar   | Identified the +10 arbalest of the Dead {penet, Drain rElec
                  | rN+} (You bought it in a shop in a bazaar)
 27728 | Bazaar   | Found Ysuex's Book Shoppe.
 28007 | Orc:2    | Found Ugrokk's Distillery.
 28033 | Orc:2    | Found Hyroceqe's General Store.
 28341 | Orc:2    | Paralysed by an orc sorcerer for 2 turns
 28422 | Orc:2    | Found Xohyonei's Antique Armour Shoppe.
 28422 | Orc:2    | Found Teur Ebb's Jewellery Emporium.
 28424 | Orc:2    | Found a one-way gate leading to the halls of Pandemonium.
 28434 | Orc:2    | Bought a shiny orb for 312 gold pieces
 28438 | Orc:2    | Bought a ring of wizardry for 450 gold pieces
 28795 | Orc:2    | Bought a potion of curing for 45 gold pieces
 28798 | Orc:2    | Bought a potion of cancellation for 128 gold pieces
 28798 | Orc:2    | Bought a potion of resistance for 160 gold pieces
 28817 | Orc:2    | Found a staircase to the Elven Halls.
 29628 | Snake:1  | Entered Level 1 of the Snake Pit
 29722 | Snake:1  | Found Oculodo's Weapon Shoppe.
 29747 | Snake:1  | Reached skill level 1 in Armour
 29758 | Snake:1  | Reached skill level 1 in Shields
 30539 | Snake:1  | Reached **** piety under Ashenzari
 30539 | Snake:1  | Reached ***** piety under Ashenzari
 30568 | Snake:1  | Reached skill level 5 in Crossbows
 30879 | Snake:1  | Reached XP level 16. HP: 127/137 MP: 0/0
 30921 | Snake:1  | Found Sadesed's Jewellery Shop.
 30922 | Snake:1  | Found Ropsitar's Book Emporium.
 30923 | Snake:1  | Found Cenipt's Jewellery Shop.
 30983 | Snake:1  | Reached skill level 15 in Dodging
 30986 | Snake:1  | Reached skill level 1 in Evocations
 32414 | Snake:2  | Found Pugixat's Book Shoppe.
 32414 | Snake:2  | Found Qoiben's Jewellery Emporium.
 32459 | Snake:2  | Noticed Aizul
 32469 | Snake:2  | Killed Aizul
 33311 | Snake:3  | Reached XP level 17. HP: 121/144 MP: 0/0
 33311 | Snake:3  | Learned a level 6 spell: Dispersal
 34050 | Snake:3  | Reached skill level 5 in Armour
 34398 | Snake:4  | Entered Level 4 of the Snake Pit
 34436 | Snake:4  | Reached skill level 5 in Shields
 35117 | Snake:4  | Reached skill level 5 in Evocations
 35572 | Snake:4  | Reached XP level 18. HP: 148/151 MP: 0/0
 35744 | Snake:4  | Upgraded the game from 0.28-a0-1510-gd0f6b136d3 to
                  | 0.28-a0-1518-gbe868bca14
 35759 | Snake:4  | Reached skill level 16 in Dodging
 35813 | Snake:4  | Got a serpentine rune of Zot
 36311 | Shoals:1 | Entered Level 1 of the Shoals
 36311 | Shoals:1 | Noticed Louise
 36311 | Shoals:1 | Noticed Jorgrun
 36320 | Shoals:1 | Killed Louise
 36322 | Shoals:1 | Killed Jorgrun
 36518 | Shoals:1 | Noticed Frances
 36529 | Shoals:1 | Killed Frances
 37464 | Shoals:2 | Noticed Polyphemus
 37473 | Shoals:2 | HP: 4/153 [satyr/sling bullet (23)]
 37990 | Shoals:2 | Found Kirhaise's Book Emporium.
 38746 | Shoals:2 | Killed Polyphemus
 38950 | Shoals:2 | Noticed a kraken
 39305 | Shoals:2 | Killed a kraken
 40182 | Shoals:3 | Reached XP level 19. HP: 141/158 MP: 0/0
 40182 | Shoals:3 | Learned a level 6 spell: Eringya's Noxious Bog
 40286 | Shoals:3 | Noticed Mara
 40486 | Shoals:3 | Identified Roxanne's Incunabulum of the Rocks
 40486 | Shoals:3 | Noticed Roxanne
 40763 | Shoals:4 | Entered Level 4 of the Shoals
 40942 | Shoals:4 | Noticed Mlioglotl
 40956 | Shoals:4 | Reached skill level 15 in Fighting
 41089 | Shoals:4 | Got a barnacled rune of Zot
 41798 | D:13     | Found Quschox's Antique Weapon Shop.
 41813 | D:13     | Bought a masterwork long sword for 238 gold pieces
 41813 | D:13     | Identified the +6 long sword of the Spider Nest {freeze,
                  | Drain rElec MP+9 Int+8 Stlth-} (You bought it in a shop on
                  | level 13 of the Dungeon)
 42142 | D:13     | Identified the +0 scale mail "Vanatemn" {Rampage Will+
                  | Int+3}
 42302 | D:14     | Found a frozen archway.
 42315 | IceCv    | Entered an ice cave
 42661 | IceCv    | Identified the +0 chain mail "Hazin" {Harm}
 43156 | D:14     | Found a gate to the Vaults.
 43512 | D:14     | Found a white marble altar of Elyvilon.
 43819 | D:15     | Entered Level 15 of the Dungeon
 44016 | D:15     | Found a gate leading to a gauntlet.
 44039 | Gauntlet | Entered a Gauntlet
 44039 | Gauntlet | Found a transporter.
 44042 | Gauntlet | Found a transporter.
 44042 | Gauntlet | Identified the +0 helmet of Damp Wonder {Will+}
 44043 | Gauntlet | Found a transporter.
 44058 | Gauntlet | Found a transporter.
 44068 | Gauntlet | Found a transporter.
 44068 | Gauntlet | Identified the amulet of Inabuh {Reflect +Blink rF- Slay+3
                  | SH+5}
 44088 | Gauntlet | Found a transporter.
 44094 | Gauntlet | Found a transporter.
 44095 | Gauntlet | Found a transporter.
 44095 | Gauntlet | Identified the +0 cloak of Intuition {SInv}
 44112 | Gauntlet | Found a transporter.
 44206 | Gauntlet | Found a runed translucent door.
 44208 | Gauntlet | Found a transporter.
 44209 | Gauntlet | Found a transporter.
 44212 | Gauntlet | Found a runed translucent door.
 44225 | Gauntlet | Found a transporter.
 44506 | D:15     | Found a runed translucent door.
 44507 | D:15     | Noticed Werasm's ghost (novice FoAK)
 44754 | D:15     | Found a staircase to the Depths.
 44989 | D:15     | Found a hazy altar of Hepliaklqana.
 45189 | Vaults:1 | Entered Level 1 of the Vaults
 45200 | D:14     | Reached skill level 15 in Spellcasting
 45638 | Vaults:1 | Reached XP level 20. HP: 127/166 MP: 0/0
 46320 | Snake:1  | Bought the ring of Ufimaodo {rPois rF+ rC+ AC+4} for 795
                  | gold pieces
 46705 | Vaults:1 | Paralysed by a great orb of eyes for 3 turns
 47294 | Vaults:1 | Found Fishalya's Magic Scroll Shoppe.
 47297 | Vaults:1 | Found Ylaskep's Magic Scroll Emporium.
 47300 | Vaults:1 | Bought a scroll of fog for 30 gold pieces
 47300 | Vaults:1 | Bought a scroll of summoning for 142 gold pieces
 47305 | Vaults:1 | Bought a scroll of holy word for 97 gold pieces
 47305 | Vaults:1 | Bought a scroll of fog for 26 gold pieces
 47305 | Vaults:1 | Bought a scroll of fear for 45 gold pieces
 47305 | Vaults:1 | Bought a scroll of teleportation for 39 gold pieces
 47305 | Vaults:1 | Bought a scroll of teleportation for 39 gold pieces
 47382 | Vaults:1 | Reached skill level 17 in Dodging
 47397 | Vaults:1 | Reached skill level 5 in Stealth
 47705 | Vaults:1 | Reached skill level 10 in Crossbows
 47975 | Vaults:1 | Found Ankeaw's Jewellery Boutique.
 47995 | Vaults:1 | Bought the ring "Dushin" {Wiz rF+ rC+ Int+2} for 662 gold
                  | pieces
 48042 | Vaults:1 | Found Fyzaugg's Assorted Antiques.
 48042 | Vaults:1 | Found Etiocs Uluc's Jewellery Boutique.
 50100 | Vaults:3 | Reached XP level 21. HP: 154/174 MP: 0/0
 50100 | Vaults:3 | Learned a level 8 spell: Maxwell's Capacitive Coupling
 50380 | Vaults:3 | Identified the +0 ring mail "Weanyej" {rN+++ Str-5 Dex+4
                  | Stlth-}
 51516 | Vaults:3 | Found Peniog Ennuj's Jewellery Boutique.
 51821 | Vaults:3 | Found a basalt altar of Yredelemnul.
 51830 | Vaults:3 | Found a staircase to the Crypt.
 52896 | Vaults:4 | Noticed Bai Suzhen
 52916 | Vaults:4 | Killed Bai Suzhen
 53174 | Vaults:4 | Found Melial's Armour Emporium.
 53515 | Vaults:4 | Reached skill level 10 in Armour
 53626 | Vaults:4 | Paralysed by a sphinx for 6 turns
 54317 | Vaults:5 | Entered Level 5 of the Vaults
 54322 | Vaults:5 | Reached XP level 22. HP: 143/182 MP: 0/0
 54326 | Vaults:5 | Noticed an ancient lich
 54431 | Vaults:5 | Noticed a dread lich
 54522 | Vaults:5 | Killed a dread lich
 54564 | Vaults:5 | Killed from afar by a tengu reaver

Illustrated notes

Levels and vault maps discovered:
D:1:      dpeg_arrival_rooms_c, layout_loops_ring, serial_shops, shop
D:2:      layout_loops_cross, shapermc_ecumenical_altar_ellora
D:3:      layout_loops_cross
D:4:      layout_layer_cave, minmay_temple_entry_large_hall,
          gup_sewer_entry_glass, minmay_misc_feat_secret_circle
D:5:      layout_loops_ring, grunt_ministairs_6
D:6:      layout_loops_ring, gammafunk_ghost_split, serial_shops,
          nicolae_shop_waterfront
D:7:      layout_basic, uniq_maggie, uniq_duvessa, uniq_pikel
D:8:      layout_gridville, elyvilon_altar_3, erik_lair_island, uniq_joseph,
          uniq_maurice
D:9:      layout_cave_pools, grunt_temple_overflow_magic_moments, minitemple,
          serial_shops, kennysheep_little_box, shop
D:10:     layout_loops_ring, enter_bailey_2, uniq_nergalle
D:11:     layout_roguey, nicolae_transmutations_shop,
          hangedman_abyss_or_decor_jellyfish_corner
D:12:     layout_loops_ring, orc_0_dummy, grunt_ministairs_7
D:13:     layout_basic, serial_shops, nicolae_shop_hallway_stairs, minmay_bent
D:14:     layout_long_grid, skrybe_vaults_entry_preservation,
          portal_ice_cave_entry_pillars_1, minmay_misc_feat_diagonals,
          kennysheep_flooded_box
D:15:     grunt_enter_depths_magical_seal, layout_basic,
          nicolae_hepliaklqana_hippocampus, gauntlet_entry_generic,
          hellmonk_ghost_happy_afterlife
Temple:   minmay_temple_forest_path
Lair:1:   layout_hall_layers, nicolae_quartered_pool_little,
          serial_bayou_pond_d, chequers_serial_rivers_large_a
Lair:2:   layout_hall_layers, lemuel_fruit_tree, serial_bayou_shore_b,
          lemuel_fruit_fields, grunt_megastairs_1, lemuel_fruit_fields
Lair:3:   hellmonk_ruined_rings, layout_chaotic_city,
          nicolae_volcano_entry_vermiform
Lair:4:   layout_gridlike, minmay_shoals_entry_centaurs,
          minmay_snake_entry_guardpost_small, grunt_megastairs_3,
          serial_bayou_shore_b
Lair:5:   layout_layer_cave, slime_altar_1, infiniplex_staircase_pool_2
Lair:6:   evilmike_catoblepas_cave, layout_regular_city
Shoals:1: layout_shoals, nicolae_shoals_secluded_bog, uniq_louise, uniq_jorgrun,
          uniq_frances
Shoals:2: cheibrodos_shoals_satyrical_garden, layout_shoals,
          nicolae_stop_n_shop_2, nicolae_shoals_lost_giant_amphitheater,
          uniq_polyphemus
Shoals:3: layout_shoals, uniq_roxanne, uniq_mara
Shoals:4: shoals_end_grunt_ice, layout_shoals, nicolae_shoals_isolated_beach,
          uniq_mlioglotl
Snake:1:  nrook_guardian_serpent_snake_passage, layout_layer_cave, serial_shops,
          nicolae_shop_bloodbath_and_beyond, minmay_shop_grove
Snake:2:  layout_cave_town, nicolae_snake_springs, minmay_shoptagon, uniq_aizul
Snake:3:  layout_misc_corridors, nrook_loot_triangle, grunt_ministairs_5
Snake:4:  snake_pit, layout_gridlike, serial_bayou_shore_a
Orc:1:    layout_caves, serial_shops, nicolae_square_shop
Orc:2:    pf_orc_diabolical, layout_diamond_mine, serial_shops,
          bzr_entry_lakeside, uniq_donald
Vaults:1: nicolae_vaults_ninety_degrees, v_rooms_2,
          hangedman_vaults_corner_blocks, v_rooms_4, vaults_room_boxed,
          v_rooms_6, nicolae_vaults_circle_grid_a,
          nicolae_vaults_little_squares_4, grunt_vaults_focal,
          nicolae_vaults_halls_meeting, nicolae_vaults_little_squares_3,
          v_misc_22, nicolae_vaults_border_crossing,
          ontoclasm_vaults_ring_small, layout_vaults_maze_bifur, serial_shops,
          shop, nicolae_square_shop, shop, nicolae_shop_behind_doors, shop
Vaults:2: v_rooms_3, nicolae_vaults_yaktaur_gun_rack, v_misc_8,
          vaults_mumra_minichess_inversion, v_pattern_1,
          hangedman_vaults_cutoff, vaults_mumra_hex, ontoclasm_vaults_gateway,
          layout_vaults_omnigrid
Vaults:3: minmay_crypt_entry_necro_gods, v_misc_26, dpeg_vaults_waves, v_misc_3,
          nicolae_vaults_little_squares_2, v_alt_pattern_1,
          nicolae_vaults_mini_display_case, v_alt_pattern_2, vaults_room_pool,
          nicolae_vaults_shelves_hall, vaults_dpeg_ring,
          layout_vaults_chaotic_city, serial_shops, shop, uniq_margery
Vaults:4: hangedman_vaults_capsules, nicolae_vaults_statue_guard,
          nicolae_vaults_network_star, v_misc_30, nicolae_vaults_specimen_jars,
          grunt_vaults_hallway_long, grunt_vaults_swirl, layout_vaults_omnibox,
          serial_shops, nicolae_shop_advertising_works
          [nicolae_subvault_shop_adworks], uniq_bai_suzhen
Vaults:5: serial_shops

Skill      XL: |  1  2  3  4  5  6  7  8  9 10 11 12 13 14 15 16 17 18 19 20 21 22 |
---------------+-------------------------------------------------------------------+-----
Stealth        | 2 4 5 7 |  7.3
Fighting       | 1 2 3 4 5 7 8 10 11 12 13 14 15 16 | 16.4
Dodging        | 3 4 5 6 8 10 11 12 13 14 15 16 17 | 17.9
Spellcasting   | 4 5 6 7 8 9 10 12 13 14 15 16 | 16.3
Long Blades    | 2 4 5 |  5.3
Crossbows      | 2 5 6 8 9 10 11 | 11.0
Bows           | 3 5 |  5.3
Armour         | 2 4 5 7 8 9 10 | 10.1
Shields        | 2 4 5 6 |  6.6
Evocations     | 3 5 6 7 8 9 |  9.9

Action                   |  1- 3 |  4- 6 |  7- 9 | 10-12 | 13-15 | 16-18 | 19-21 | 22-24 || total
-------------------------+-------+-------+-------+-------+-------+-------+-------+-------++-------
Melee: Dagger            |    58 |       |       |       |       |       |       |       ||    58
       Punch             |     2 |       |       |     3 |       |       |       |       ||     5
       Spear             |       |    12 |       |       |       |       |       |       ||    12
       Falchion          |       |    30 |    34 |    66 |    32 |       |       |       ||   162
 Fire: Hunting sling     |       |       |       |    18 |       |       |       |       ||    18
       Arbalest          |       |       |       |     4 |    38 |   106 |   370 |     2 ||   520
       Shortbow          |       |       |       |       |   303 |       |       |       ||   303
Throw: Dart              |       |       |    20 |    25 |       |       |       |       ||    45
       Stone             |       |       |       |    14 |     1 |       |       |       ||    15
 Cast: Freeze            |    34 |    34 |    29 |    91 |    64 |    44 |     7 |       ||   303
       Ozocubu's Armour  |     1 |       |       |     5 |     1 |     6 |    41 |     1 ||    55
       Frozen Ramparts   |       |    10 |    20 |    49 |    84 |    76 |    70 |       ||   309
       Scorch            |       |    19 |    54 |    41 |    70 |   220 |   367 |     1 ||   772
       Static Discharge  |       |       |     6 |     3 |     5 |     6 |     2 |       ||    22
       Pain              |       |       |     2 |       |    21 |    40 |     5 |       ||    68
       Summon Lightning  |       |       |     1 |    20 |   111 |   181 |   196 |     3 ||   512
       Hailstorm         |       |       |       |     2 |    12 |    11 |     7 |     2 ||    34
       Irradiate         |       |       |       |       |    17 |    17 |    17 |     5 ||    56
       Alistair's Intoxi |       |       |       |       |    45 |   100 |   213 |     6 ||   364
       Simulacrum        |       |       |       |       |    12 |     3 |     1 |       ||    16
       Dispersal         |       |       |       |       |       |     2 |     3 |     7 ||    12
       Eringya's Noxious |       |       |       |       |       |       |    58 |     1 ||    59
       Maxwell's Capacit |       |       |       |       |       |       |     3 |     2 ||     5
Invok: Curse Item        |       |       |       |     4 |     2 |       |       |       ||     6
Evoke: Box of beasts     |       |       |       |       |       |       |     1 |     1 ||     2
  Use: Scroll            |       |       |     2 |     1 |     1 |     1 |     2 |     3 ||    10
       Potion            |       |       |     1 |       |       |     2 |     2 |     4 ||     9
 Stab: Sleeping          |     2 |       |     1 |       |       |       |       |       ||     3
       Distracted        |       |       |       |       |     1 |       |       |       ||     1
Armor: Robe              |    16 |     8 |     6 |    23 |    50 |    66 |   110 |     3 ||   282
Dodge: Dodged            |    70 |    51 |    68 |   166 |   287 |   341 |   352 |     8 ||  1343

Table legend: (Time is in decaauts)
 A = Elapsed time spent in this place.
 B = Non-inter-level travel time spent in this place.
 C = Inter-level travel time spent in this place.
 D = Time resting spent in this place.
 E = Time spent auto-exploring this place.
 F = Levels seen in this place.
 G = Mean time per level.
                   A        B        C        D        E       F      G
               +--------+--------+--------+--------+--------+-----+--------+
         Total |  54714 |  51376 |   3338 |  15608 |  22922 |  41 | 1334.5 |
       Dungeon |  19622 |  17895 |   1727 |   5296 |   9455 |  15 | 1308.1 |
        Temple |    429 |    308 |    121 |      0 |    294 |   1 |  429.0 |
          Lair |  10361 |   9626 |    735 |   3646 |   4588 |   6 | 1726.8 |
        Shoals |   4850 |   4730 |    120 |   1599 |   1122 |   4 | 1212.5 |
     Snake Pit |   6682 |   6390 |    292 |   1982 |   2510 |   4 | 1670.5 |
  Orcish Mines |   2073 |   2000 |     73 |    404 |    963 |   2 | 1036.5 |
        Vaults |   8562 |   8295 |    267 |   1985 |   3668 |   5 | 1712.4 |
        Bazaar |    185 |    185 |      0 |      0 |     87 |   1 |  185.0 |
        Bailey |   1029 |   1029 |      0 |    420 |    235 |   1 | 1029.0 |
      Ice Cave |    545 |    545 |      0 |    276 |      0 |   1 |  545.0 |
      Gauntlet |    370 |    370 |      0 |      0 |      0 |   1 |  370.0 |
               +--------+--------+--------+--------+--------+-----+--------+

Top non-repeatable levels by time:
  Lair:6: 2943 daAuts
     D:8: 2617 daAuts
Vaults:3: 2436 daAuts
 Snake:1: 2233 daAuts
Vaults:1: 2138 daAuts
Vaults:4: 2022 daAuts
  Lair:1: 2003 daAuts
Vaults:2: 1911 daAuts
     D:7: 1843 daAuts
     D:5: 1783 daAuts
     D:4: 1762 daAuts
 Snake:4: 1711 daAuts
  Lair:2: 1653 daAuts
Shoals:1: 1622 daAuts
   Orc:2: 1622 daAuts
